 Dungeon Crawl Stone Soup version 0.27.0-1-g7a089689b8 (webtiles) character file.

Game seed: 18115139281729948755

3785 wilfster70 the Frost Mage (level 10, -8/74 HPs)
             Began as a Gnoll Ice Elementalist on Aug 10, 2021.
             Was an Initiate of Ashenzari.
             Mangled by a two-headed ogre (10 damage)
             ... on level 8 of the Dungeon.
             The game lasted 00:26:01 (10462 turns).

wilfster70 the Frost Mage (Gnoll Ice Elementalist) Turns: 10462, Time: 00:26:02

Health: -8/74      AC: 11    Str:  8    XL:     10   Next: 16%
Magic:  18/20      EV: 16    Int: 18    God:    Ashenzari [......]
Gold:   407        SH:  0    Dex: 12    Spells: 11/23 levels left

rFire    + . .     SeeInvis +   b - +0 war axe (elec)
rCold    . . .     Faith    .   (no shield)
rNeg     . . .     Spirit   .   r - +2 ring mail {rF+}
rPois    .         Reflect  .   d - +2 helmet "Shackled With Me" {Fort, Alch} (curse)
rElec    .         Harm     .   (no cloak)
rCorr    .         Rampage  .   (no gloves)
Will     .....                  (no boots)
Stlth    +++.......             (no amulet)
HPRegen  0.22/turn              w - +4 ring of slaying
MPRegen  0.17/turn              A - ring "Nausaker" {EV+4 SInv}

@: freezing walls
A: fangs 1, strong nose, distributed training
a: Renounce Religion, Shatter the Chains


You were on level 8 of the Dungeon.
You worshipped Ashenzari.
Ashenzari was noncommittal.
You visited 2 branches of the dungeon, and saw 9 of its levels.
You also visited: Sewer.

You collected 407 gold pieces.

Inventory:

Hand Weapons
 a - a +1 dagger of venom
 b - a +0 war axe of electrocution (weapon)
 E - a +2 trident of venom
Missiles
 l - a throwing net
 o - 81 poisoned darts (quivered)
Armour
 d - the cursed +2 helmet "Shackled With Me" (worn) {Fort, Alch}
   (You found it on level 1 of the Dungeon)

   It has a curse which improves the following skills: Fortitude: Armour and
   Shields.
   Alchemy:   Poison Magic and Transmutations.
 j - a +0 kite shield
 r - a +2 ring mail of fire resistance (worn)
Jewellery
 w - a +4 ring of slaying (left hand)
 z - a ring of positive energy
 A - the ring "Nausaker" (right hand) {EV+4 SInv}
   (You acquired it on level 6 of the Dungeon)

   [ring of evasion]

   EV:        It affects your evasion (+4).
   SInv:      It lets you see invisible.
Wands
 t - a wand of digging (7)
 u - a wand of paralysis (10)
 x - a wand of charming (11)
 B - a wand of acid (8)
 C - a wand of polymorph (7)
Scrolls
 e - 3 scrolls of amnesia
 f - 3 scrolls of teleportation
 g - 3 scrolls of fear
 h - 3 scrolls of enchant armour
 m - a scroll of magic mapping
 n - a scroll of blinking
 q - a scroll of fog
 D - a scroll of silence
Potions
 c - 2 potions of resistance
 i - a potion of lignification
 k - 2 potions of heal wounds
 p - 2 potions of magic
 s - a potion of invisibility
 v - 2 potions of curing
 y - a potion of attraction


   Skills:
 + Level 5.0 Fighting
 + Level 5.0 Short Blades
 + Level 5.0 Long Blades
 + Level 5.0 Axes
 + Level 5.0 Maces & Flails
 + Level 5.0 Polearms
 + Level 5.0 Staves
 + Level 5.0 Slings
 + Level 5.0 Bows
 + Level 5.0 Crossbows
 + Level 5.0 Throwing
 + Level 5.0(5.5) Armour
 + Level 6.8 Dodging
 + Level 6.6 Stealth
 + Level 5.0(5.5) Shields
 + Level 5.0 Unarmed Combat
 + Level 7.1 Spellcasting
 + Level 4.1 Conjurations
 + Level 4.1 Hexes
 + Level 4.1 Summonings
 + Level 4.1 Necromancy
 + Level 4.1 Translocations
 + Level 4.1(4.6) Transmutations
 + Level 4.1 Fire Magic
 + Level 8.3 Ice Magic
 + Level 4.1 Air Magic
 + Level 4.1 Earth Magic
 + Level 4.1(4.6) Poison Magic
 + Level 5.5 Invocations
 + Level 5.0 Evocations


You had 11 spell levels left.
You knew the following spells:

 Your Spells              Type           Power      Damage    Failure   Level
a - Freeze                Ice            100%       1d11      1%          1
b - Frozen Ramparts       Ice            72%        1d9       2%          3
c - Ozocubu's Armour      Ice            36%        N/A       2%          3
d - Borgnjor's Vile Clut  Necr/Erth      10%        N/A       82%         5

Your spell library contained the following spells:

 Spells                   Type           Power      Damage    Failure   Level
 Ensorcelled Hibernation  Hex/Ice        56%        N/A       3%          2
 Animate Skeleton         Necr           42%        N/A       5%          1
 Corona                   Hex            23%        N/A       5%          1
 Foxfire                  Conj/Fire      84%        2x1d8     5%          1
 Pain                     Necr           84%        1d8       5%          1
 Slow                     Hex            21%        N/A       8%          2
 Confusing Touch          Hex            21%        N/A       16%         3
 Portal Projectile        Hex/Tloc       42%        N/A       16%         3
 Summon Guardian Golem    Hex/Summ       21%        N/A       16%         3
 Tukima's Dance           Hex            21%        N/A       16%         3
 Vampiric Draining        Necr           10%        2d7       16%         3
 Hailstorm                Conj/Ice       28%        3d8       22%         4
 Cause Fear               Hex            10%        N/A       45%         4
 Blade Hands              Tmut           11%        N/A       75%         5
 Excruciating Wounds      Necr           10%        N/A       82%         5
 Necromutation            Tmut/Necr      11%        N/A       100%        8


Dungeon Overview and Level Annotations

Branches:
Dungeon (8/15)             Temple (1/1) D:5           Sewer (visited)
   Lair: D:8-11

Altars:
Ashenzari
Cheibriados
Dithmenos
Elyvilon
Fedhas
Gozag
Hepliaklqana
Kikubaaqudgha
Makhleb
Nemelex Xobeh
Okawaru
Ru
Sif Muna
Trog
Uskayaw
Vehumet
Wu Jian
Xom
Zin
The Shining One

Annotations:
D:3 2 transporters
D:6 1 runed translucent door, skk's ghost, novice DDFi


Innate Abilities, Weirdness & Mutations

You have very sharp teeth.
Your uncanny sense of smell can sniff out nearby items.
Your experience applies equally to all skills.


Message History

The wall freezes the two-headed ogre!
The two-headed ogre completely misses you. x2
The killer bee buzzes angrily.
The killer bee buzzes angrily.
You hit the two-headed ogre.
The two-headed ogre is heavily wounded.
The wall freezes the two-headed ogre.
The two-headed ogre hits you with a +0 giant spiked club! x2
The wall freezes the killer bee.
You slash the two-headed ogre!
The two-headed ogre is severely wounded.
The wall freezes the killer bee. x3; The killer bee closely misses you.
The wall freezes the killer bee. x2; The wall freezes the two-headed ogre.
The two-headed ogre hits you with a +0 giant spiked club.
The two-headed ogre hits you with a +0 giant spiked club!
The wall freezes the killer bee.
The killer bee stings you!
You slash the two-headed ogre!
The two-headed ogre is almost dead.
You hit the killer bee.
Lightning courses through the killer bee!
You kill the killer bee!
The wall freezes the killer bee. x4; The killer bee misses you.
The wall freezes the two-headed ogre.
The two-headed ogre hits you with a +0 giant spiked club!
The two-headed ogre hits you with a +0 giant spiked club!!
* * * LOW HITPOINT WARNING * * *
The wall freezes the killer bee.
The killer bee barely misses you.
The wall freezes the killer bee.
Okay, then.
Unknown command.
As you read the scroll of magic mapping, it crumbles to dust.
You feel aware of your surroundings.
You sensed 1 altar.
The wall freezes the killer bee. x2
You kill the killer bee!
The wall freezes the killer bee.
You kill the killer bee!
The wall freezes the killer bee.
The wall freezes the two-headed ogre!
The two-headed ogre barely misses you.
The two-headed ogre hits you with a +0 giant spiked club!
You die...

**,,,** *,,,,,****,,
*.....***,,,,,,,,,,,
*,...,,,,,,,,,*****,
*,...,***,,*,** *,
**...****,>*,* *,
*#.#***,*,*,******,
#y# *,***,,,,,,,,,
#†# **,*,********,
#@# **,,* *, #O#
*,,* ** #.# *,,*
*#.#****,,****
*...,,,,,,,,,******
#..##*,**,,,,,,,,,,
#..#**,*****,*,***,
#.(.∆*,* *>*,* *,
#.##,*,* *,*,***,


You could see a two-headed ogre and a killer bee.

Vanquished Creatures
  Pikel (D:4)
  Prince Ribbit (D:6)
  5 yaks (D:5)
  An orc warrior (D:7)
  5 ogres
  2 necrophages
  3 lemures (D:4)
  Blork the orc (D:6)
  7 kobold brigands
  A gnoll sergeant (D:7)
  A bullfrog (D:6)
  A scorpion (D:5)
  A wyvern skeleton (D:5)
  3 killer bees (D:8)
  4 wights (D:6)
  3 hounds
  A jelly (D:5)
  An orc priest (D:5)
  A centaur skeleton (D:6)
  8 orc wizards
  2 iguanas (D:4)
  A hound skeleton (D:4)
  A howler monkey zombie (D:6)
  8 adders
  4 gnolls (D:7)
  A river rat (Sewer)
  A shadow imp (D:7)
  A white imp (D:7)
  3 ufetubi
  An adder skeleton (D:4)
  7 worms
  A dart slug (D:2)
  19 orcs
  A bat (D:2)
  10 endoplasms
  4 giant cockroaches
  2 goblins (D:2)
  9 hobgoblins
  6 jackals (D:2)
  5 quokkas
  8 ball pythons
  4 frilled lizards (D:1)
  15 kobolds
  6 rats
171 creatures vanquished.

Vanquished Creatures (others)
  17 plants (D:5)
17 creatures vanquished.

Grand Total: 188 creatures vanquished

Notes
Turn   | Place    | Note
-------+----------+-------------------------------------------
     0 | D:1      | wilfster70 the Gnoll Ice Elementalist began the quest for
                  | the Orb.
     0 | D:1      | Reached XP level 1. HP: 13/13 MP: 6/6
   273 | D:1      | Reached XP level 2. HP: 19/19 MP: 7/7
  1012 | D:2      | Reached XP level 3. HP: 25/25 MP: 6/9
  1019 | D:2      | Learned a level 3 spell: Frozen Ramparts
  1057 | D:2      | Reached skill level 5 in Spellcasting
  1179 | D:2      | Found a faded altar of an unknown god.
  1270 | D:2      | Reached skill level 1 in Invocations
  1304 | D:2      | Reached skill level 1 in Fighting
  1304 | D:2      | Reached skill level 1 in Short Blades
  1304 | D:2      | Reached skill level 1 in Long Blades
  1304 | D:2      | Reached skill level 1 in Axes
  1304 | D:2      | Reached skill level 1 in Maces & Flails
  1304 | D:2      | Reached skill level 1 in Polearms
  1304 | D:2      | Reached skill level 1 in Staves
  1304 | D:2      | Reached skill level 1 in Slings
  1304 | D:2      | Reached skill level 1 in Bows
  1304 | D:2      | Reached skill level 1 in Crossbows
  1304 | D:2      | Reached skill level 1 in Throwing
  1304 | D:2      | Reached skill level 1 in Armour
  1304 | D:2      | Reached skill level 1 in Shields
  1304 | D:2      | Reached skill level 1 in Unarmed Combat
  1304 | D:2      | Reached skill level 1 in Evocations
  1613 | D:2      | Reached XP level 4. HP: 31/32 MP: 11/11
  1620 | D:2      | Learned a level 3 spell: Ozocubu's Armour
  1984 | D:3      | Found a transporter.
  2050 | D:3      | Found a glowing drain.
  2055 | Sewer    | Entered a sewer
  2312 | Sewer    | Noticed a kobold brigand
  2330 | Sewer    | Killed a kobold brigand
  2331 | Sewer    | Reached skill level 1 in Conjurations
  2331 | Sewer    | Reached skill level 1 in Hexes
  2331 | Sewer    | Reached skill level 1 in Summonings
  2331 | Sewer    | Reached skill level 1 in Necromancy
  2331 | Sewer    | Reached skill level 1 in Translocations
  2331 | Sewer    | Reached skill level 1 in Transmutations
  2331 | Sewer    | Reached skill level 1 in Fire Magic
  2331 | Sewer    | Reached skill level 1 in Air Magic
  2331 | Sewer    | Reached skill level 1 in Earth Magic
  2331 | Sewer    | Reached skill level 1 in Poison Magic
  2331 | Sewer    | Reached XP level 5. HP: 31/37 MP: 9/12
  3212 | Sewer    | Noticed a kobold brigand
  3232 | Sewer    | Killed a kobold brigand
  3233 | Sewer    | Reached XP level 6. HP: 44/44 MP: 8/14
  3401 | Sewer    | Reached skill level 5 in Dodging
  3594 | Sewer    | Reached XP level 7. HP: 4/50 MP: 9/15
  4370 | D:3      | Found a transporter.
  5123 | D:4      | Found a shadowy altar of Dithmenos.
  5267 | D:4      | Noticed Pikel
  5312 | D:4      | Killed Pikel
  5313 | D:4      | Reached skill level 5 in Stealth
  5313 | D:4      | Reached XP level 8. HP: 37/58 MP: 12/16
  5904 | D:4      | Found a snail-covered altar of Cheibriados.
  6105 | D:5      | Entered Level 5 of the Dungeon
  6123 | D:5      | Noticed a yak
  6317 | D:5      | Noticed a yak
  6321 | D:5      | Noticed a yak
  6377 | D:5      | Killed a yak
  6753 | D:5      | Noticed a yak
  6754 | D:5      | Noticed a yak
  6776 | D:5      | Killed a yak
  6831 | D:5      | Killed a yak
  6832 | D:5      | Reached XP level 9. HP: 40/65 MP: 14/18
  7335 | D:5      | Found a staircase to the Ecumenical Temple.
  7344 | Temple   | Entered the Ecumenical Temple
  7502 | Temple   | Became a worshipper of Ashenzari the Shackled
  7753 | D:5      | Reached skill level 8 in Ice Magic
  8281 | D:6      | Noticed Blork the orc
  8301 | D:6      | Killed Blork the orc
  8326 | D:6      | Identified 2 scrolls of acquirement
  8335 | D:6      | Acquired the Incunabulum of Ensnaring Darkness
  8337 | D:6      | Acquired the ring "Nausaker" {EV+4 SInv}
  8409 | D:6      | Learned a level 5 spell: Borgnjor's Vile Clutch
  8831 | D:6      | Reached skill level 5 in Invocations
  8846 | D:6      | Found a runed translucent door.
  8847 | D:6      | Noticed a cyclops
  8847 | D:6      | Noticed skk's ghost (novice DDFi)
  9511 | D:7      | Noticed Prince Ribbit
  9529 | D:6      | Killed Prince Ribbit
  9530 | D:6      | Reached XP level 10. HP: 73/73 MP: 16/20
  9832 | D:7      | Found a radiant altar of Vehumet.
  9833 | D:7      | Identified Vehumet's Almanac of Damage Dealing
  9849 | D:7      | Found an ancient bone altar of Kikubaaqudgha.
  9859 | D:7      | Found a shimmering blue altar of Sif Muna.
 10088 | D:7      | Reached skill level 5 in Fighting
 10088 | D:7      | Reached skill level 5 in Short Blades
 10088 | D:7      | Reached skill level 5 in Long Blades
 10088 | D:7      | Reached skill level 5 in Axes
 10088 | D:7      | Reached skill level 5 in Maces & Flails
 10088 | D:7      | Reached skill level 5 in Polearms
 10088 | D:7      | Reached skill level 5 in Staves
 10088 | D:7      | Reached skill level 5 in Slings
 10088 | D:7      | Reached skill level 5 in Bows
 10088 | D:7      | Reached skill level 5 in Crossbows
 10088 | D:7      | Reached skill level 5 in Throwing
 10088 | D:7      | Reached skill level 5 in Armour
 10088 | D:7      | Reached skill level 5 in Shields
 10088 | D:7      | Reached skill level 5 in Unarmed Combat
 10088 | D:7      | Reached skill level 5 in Evocations
 10452 | D:8      | Noticed a two-headed ogre
 10461 | D:8      | HP: 2/74 [two-headed ogre (26)]
 10462 | D:8      | Mangled by a two-headed ogre

Illustrated notes

Levels and vault maps discovered:
D:1:      dpeg_arrival_more_subterranean_lakeside_camping, layout_rooms,
          kennysheep_minor_cross, serial_park_tiny_pond,
          wander_ebering_terrifying_dragon_lair
D:2:      layout_basic, ebering_ecumenical_altar_mist
D:3:      gammafunk_wand_slinger, layout_loops_corners, portal_sewer_entry_e,
          minmay_large_rounded_square, kennysheep_cluttered_room, corexii_shack,
          grunt_ministairs_3, minmay_tree_intersection
D:4:      layout_cave_pools, cheibriados_altar_1, grunt_dithmenos_smoke,
          uniq_pikel
D:5:      layout_basic, minmay_temple_entry_drinking_statues,
          roderic_roman_lattice, corexii_shack, serial_bayou_ford_a,
          minivault_1, minmay_fractal_squares_gapless_5
D:6:      layout_basic, ebering_ghost_inner_flame, uniq_blork_the_orc
D:7:      layout_rooms, palyth_temple_overflow_mages, uniq_prince_ribbit1
D:8:      layout_loops_ring, grunt_qazlal_clouds
Temple:   regret_index_temple_generic_petals

Skill      XL: |  1  2  3  4  5  6  7  8  9 10 |
---------------+-------------------------------+-----
Spellcasting   | 5 6 7 |  7.1
Invocations    | 1 2 3 4 5 |  5.5
Fighting       | 1 2 3 4 5 |  5.0
Short Blades   | 1 2 3 4 5 |  5.0
Long Blades    | 1 2 3 4 5 |  5.0
Axes           | 1 2 3 4 5 |  5.0
Maces & Flails | 1 2 3 4 5 |  5.0
Polearms       | 1 2 3 4 5 |  5.0
Staves         | 1 2 3 4 5 |  5.0
Slings         | 1 2 3 4 5 |  5.0
Bows           | 1 2 3 4 5 |  5.0
Crossbows      | 1 2 3 4 5 |  5.0
Throwing       | 1 2 3 4 5 |  5.0
Armour         | 1 2 3 4 5 |  5.0
Shields        | 1 2 3 4 5 |  5.0
Unarmed Combat | 1 2 3 4 5 |  5.0
Evocations     | 1 2 3 4 5 |  5.0
Conjurations   | 1 2 3 4 |  4.1
Hexes          | 1 2 3 4 |  4.1
Summonings     | 1 2 3 4 |  4.1
Necromancy     | 1 2 3 4 |  4.1
Translocations | 1 2 3 4 |  4.1
Transmutations | 1 2 3 4 |  4.1
Fire Magic     | 1 2 3 4 |  4.1
Air Magic      | 1 2 3 4 |  4.1
Earth Magic    | 1 2 3 4 |  4.1
Poison Magic   | 1 2 3 4 |  4.1
Dodging        | 5 6 |  6.8
Stealth        | 5 6 |  6.6
Ice Magic      | 8 |  8.3

Action                   |  1- 3 |  4- 6 |  7- 9 | 10-12 || total
-------------------------+-------+-------+-------+-------++-------
Melee: Dagger            |    30 |    77 |   183 |       ||   290
       Bite              |       |     8 |    22 |     4 ||    34
       War axe           |       |       |    35 |    36 ||    71
       Punch             |       |       |     1 |       ||     1
Throw: Dart              |       |       |    10 |     1 ||    11
 Cast: Freeze            |    25 |     5 |       |       ||    30
       Frozen Ramparts   |     4 |    18 |    22 |     4 ||    48
Invok: Curse Item        |       |       |       |     1 ||     1
  Use: Potion            |       |     1 |       |       ||     1
       Scroll            |       |       |     6 |     1 ||     7
 Stab: Sleeping          |     7 |       |     4 |     1 ||    12
Armor: Ring mail         |    18 |    22 |    59 |    20 ||   119
Dodge: Dodged            |    20 |    52 |   119 |    31 ||   222
